 Dungeon Sprint DCSS version 0.30-a0-778-g2ef04afb54 (webtiles) character file.

Game seed: 13836370042310208457

252 BigDaddyOpFi the Combatant (level 5, -4/70 HPs)
             Began as a Demonspawn Fighter on Feb 16, 2023.
             Was a Follower of Okawaru.
             Slain by Duvessa
             ... wielding a +0 short sword
              (6 damage)
             ... in the Dungeon (Sprint VII: "The Pits").
             The game lasted 00:01:46 (500 turns).

BigDaddyOpFi the Combatant (Demonspawn Fighter)      Turns: 500, Time: 00:01:47

Health: -4/70      AC: 17    Str: 18    XL:     5   Next: 89%
Magic:  11/11      EV:  7    Int: 10    God:    Okawaru [*.....]
Gold:   0          SH:  9    Dex: 12    Spells: 4/4 levels left

rFire   . . .      SeeInvis .    a - +0 war axe
rCold   . . .      Faith    .    c - +0 buckler
rNeg    . . .      Spirit   .    d - +3 chain mail
rPois   .          Reflect  .    (no helmet)
rElec   .          Harm     .    (no cloak)
rCorr   .          Rampage  .    (no gloves)
Will    .....      NoTele   +    (no boots) Stlth
                                 (no amulet)
HPRegen 0.31/turn                (no ring)
MPRegen 0.12/turn                (no ring)

@: berserking (expiring), hasted, very quick
A: rugged brown scales 1, icemail 1, condensation shield
a: Renounce Religion, Heroism


You were in the Dungeon.
You worshipped Okawaru.
Okawaru was aware of your devotion.
You visited 1 branch

Inventory:

Hand Weapons
 a - a +0 war axe (weapon)
Armour
 c - a +0 buckler (worn)
 d - a +3 chain mail (worn)
Potions
 e - 6 potions of curing
 h - 4 potions of magic
 i - a potion of berserk rage
 k - 2 potions of invisibility


   Skills:
 + Level 5.8 Fighting
 + Level 4.8 Axes
 + Level 5.4 Armour
 + Level 5.2 Shields
 * Level 9.0 Invocations


You had 4 spell levels left.
You didn't know any spells.
Your spell library was empty.

Dungeon Overview and Level Annotations

Branches:
Dungeon (1/1)

Altars:
Ashenzari
Cheibriados
Dithmenos
Fedhas
Gozag
Hepliaklqana
Kikubaaqudgha
Makhleb
Nemelex Xobeh
Okawaru
Qazlal
Ru
Sif Muna
Trog
Uskayaw
Vehumet
Wu Jian
Xom
Yredelemnul
Jiyva
Lugonu

Annotations:
D Duvessa


Innate Abilities, Weirdness & Mutations

You are partially covered in rugged brown scales. (AC +1, +3% HP)
A meltable icy envelope protects you from harm. (AC +4)
A meltable shield of frost defends you. (SH +4)


Message History

Duvessa is moderately wounded.
Duvessa hits you with a +0 short sword!
* * * LOW HITPOINT WARNING * * *
You hit Duvessa.
Duvessa is heavily wounded.
The orc priest hits you from afar with a +0 trident.
* * * LOW HITPOINT WARNING * * *
The orc priest begins to cast a cantrip, but forgets the words!
Duvessa hits you with a +0 short sword.
* * * LOW HITPOINT WARNING * * *
You slash Duvessa!
Duvessa is severely wounded.
You block Duvessa's attack.
The orc priest looks braver for a moment.
Duvessa hits you with a +0 short sword.
* * * LOW HITPOINT WARNING * * *
You hit Duvessa but do no damage.
Duvessa is severely wounded.
The orc priest closely misses you. You block Duvessa's attack.
You hit Duvessa but do no damage.
Duvessa is severely wounded.
Duvessa closely misses you.
The orc priest hits you from afar with a +0 trident.
* * * LOW HITPOINT WARNING * * *
You completely miss Duvessa.
Duvessa is severely wounded.
You block Duvessa's attack.
The orc priest hits you but does no damage.
You block Duvessa's attack.
You hit Duvessa but do no damage.
Duvessa is severely wounded.
Duvessa hits you but does no damage. You block the orc priest's attack.
You hit Duvessa but do no damage.
Duvessa is severely wounded.
You block Duvessa's attack.
The orc priest hits you but does no damage.
You hit Duvessa but do no damage.
Duvessa is severely wounded.
Duvessa hits you but does no damage. Duvessa hits you with a +0 short sword.
You die...

############
#_________.#
#_________.#
#_______...#######
##########'##.....
#.?(.')))'.##.....
##########.##.....
#@..........'.....
#e#####)#####.....
#o#...#.#[.##.....
#o#...#.#))#####'#
#.#...'.#))##.....
#)##†####))##.....
#.#..†..#[.##.....
#.#.....#'###...<.
#.#........##.....


You could see Duvessa (berserk) and 2 orc priests.

Vanquished Creatures
  A fire bat (D)
  Dowan (D)
  An orc priest (D)
  An adder (D)
  A white imp (D)
  7 orcs (D)
  2 ball pythons (D)
  A giant cockroach (D)
  A hobgoblin (D)
  3 quokkas (D)
  A bat (D)
20 creatures vanquished.

Notes
Turn   | Place    | Note
-------+----------+-------------------------------------------
     0 | D        | BigDaddyOpFi the Demonspawn Fighter began the quest for the
                  | Orb.
     0 | D        | Reached XP level 1. HP: 18/18 MP: 1/1
    22 | D        | Found a bloodstained altar of Trog.
    22 | D        | Found a shimmering blue altar of Sif Muna.
    22 | D        | Found a viscous altar of Jiyva.
    22 | D        | Found a hazy altar of Hepliaklqana.
    22 | D        | Found an opulent altar of Gozag.
    23 | D        | Found a basalt altar of Yredelemnul.
    23 | D        | Found a shimmering altar of Xom.
    23 | D        | Found an ornate altar of the Wu Jian Council.
    23 | D        | Found a sacrificial altar of Ru.
    23 | D        | Found a stormy altar of Qazlal.
    23 | D        | Found an iron altar of Okawaru.
    23 | D        | Found a sparkling altar of Nemelex Xobeh.
    23 | D        | Found a burning altar of Makhleb.
    23 | D        | Found a blossoming altar of Fedhas.
    23 | D        | Found a shadowy altar of Dithmenos.
    23 | D        | Found a snail-covered altar of Cheibriados.
    25 | D        | Found a corrupted altar of Lugonu.
    25 | D        | Found a radiant altar of Vehumet.
    26 | D        | Found an ancient bone altar of Kikubaaqudgha.
    26 | D        | Found a hide-covered altar of Uskayaw.
    26 | D        | Found a broken altar of Ashenzari.
    30 | D        | Became a worshipper of Warmaster Okawaru
    58 | D        | Reached skill level 1 in Invocations
    77 | D        | Reached skill level 3 in Invocations
    77 | D        | Gained mutation: A meltable shield of frost defends you.
                  | (SH +4) [demonic ancestry]
    77 | D        | Reached XP level 2. HP: 9/24 MP: 2/4
   259 | D        | Noticed a fire bat
   268 | D        | Killed a fire bat
   268 | D        | Reached * piety under Okawaru
   269 | D        | Reached skill level 5 in Fighting
   269 | D        | Reached skill level 7 in Invocations
   269 | D        | Gained mutation: A meltable icy envelope protects you from
                  | harm. (AC +4) [demonic ancestry]
   269 | D        | Reached XP level 3. HP: 14/33 MP: 5/8
   269 | D        | Reached XP level 4. HP: 17/39 MP: 5/9
   269 | D        | Gained mutation: You are partially covered in rugged brown
                  | scales. (AC +1, +3% HP) [demonic ancestry]
   269 | D        | Reached XP level 5. HP: 17/45 MP: 5/10
   425 | D        | Noticed Dowan
   425 | D        | Noticed Duvessa
   446 | D        | Reached skill level 5 in Armour
   446 | D        | Reached skill level 8 in Invocations
   459 | D        | Killed Dowan
   460 | D        | Reached skill level 5 in Shields
   477 | D        | Reached skill level 9 in Invocations
   496 | D        | HP: 1/70 [orc priest/+0 trident (4)]
   500 | D        | Slain by Duvessa

Illustrated notes

Levels and vault maps discovered:
D:        pitsprint [storerooms_1, entrance_room_1, metal_vault_6, armoury_2,
          mini_pit_1, grid_room_1, main_hall_1, silver_pit, the_coven_3,
          the_vestibule_1, steel_vault_4, golden_pit, hallway_of_sentries,
          crystal_vault_4, iron_vault_2, final_vault]

Skill      XL: |  1  2  3  4  5 |
---------------+----------------+-----
Axes           | 2 4 |  4.8
Invocations    | 3 7 9 |  9.0
Armour         | 3 4 5 |  5.4
Shields        | 3 4 5 |  5.2
Fighting       | 5 |  5.8

Action                     |  1- 3 |  4- 6 || total
---------------------------+-------+-------++-------
  Melee: War axe           |    29 |    53 ||    82
    Use: Potion            |     2 |     8 ||    10
         Scroll            |       |     1 ||     1
 Armour: Scale mail        |    19 |       ||    19
         Chain mail        |       |    43 ||    43
  Dodge: Dodged            |    23 |    18 ||    41
  Block: Buckler           |    10 |    35 ||    45

Table legend: (Time is in decaauts)
 A = Elapsed time spent in this place.
 B = Non-inter-level travel time spent in this place.
 C = Inter-level travel time spent in this place.
 D = Time resting spent in this place.
 E = Time spent auto-exploring this place.
 F = Levels seen in this place.
 G = Mean time per level.
                   A        B        C        D        E       F      G
               +--------+--------+--------+--------+--------+-----+--------+
         Total |    525 |    504 |     21 |    279 |      0 |   1 |  525.0 |
       Dungeon |    525 |    504 |     21 |    279 |      0 |   1 |  525.0 |
               +--------+--------+--------+--------+--------+-----+--------+

Top non-repeatable levels by time:
       D: 525 daAuts
